 Dungeon Crawl Stone Soup version 0.28-a0-683-ga8797d1ae1 (webtiles) character file.

Game seed: 7801103941296289706

618 spiderkeys the Sneak (level 7, -3/55 HPs)
             Began as a Vine Stalker Abyssal Knight on Oct 18, 2021.
             Was a Believer of Lugonu.
             Slain by Duvessa (9 damage)
             ... on level 4 of the Dungeon.
             The game lasted 00:11:45 (4412 turns).

spiderkeys the Sneak (Vine Stalker Abyssal Knight)  Turns: 4412, Time: 00:11:45

Health: -3/55      AC: 23    Str: 16    XL:     7   Next: 45%
Magic:  0/10       EV:  2    Int: 10    God:    Lugonu [**....]
Gold:   131        SH:  0    Dex: 16    Spells: 6/6 levels left

rFire   . . .      SeeInvis .   t - +2 dagger (venom)
rCold   . . .      Faith    .   (no shield)
rNeg    . . .      Spirit   +   (armour currently unavailable)
rPois   +          Reflect  .   (helmet currently unavailable)
rElec   .          Harm     .   (cloak currently unavailable)
rCorr   .          Rampage  .   (gloves currently unavailable)
Will    .....      NoTele   +   (boots currently unavailable)
Stlth   +++.......              (no amulet)
HPRegen 1.18/turn               (no ring)
MPRegen 0.12/turn               (no ring)

@: tree-form
A: stationary, stasis, torment immunity, boosted hp, (fangs 2), regeneration 1,
magic shield, (antimagic bite), no potion heal 2
a: Renounce Religion, Depart the Abyss, Bend Space


You were on level 4 of the Dungeon.
You worshipped Lugonu.
Lugonu was pleased with you.
You were a tree.
You visited 1 branch of the dungeon, and saw 4 of its levels.
You visited the Abyss 1 time.

You collected 131 gold pieces.


Innate Abilities, Weirdness & Mutations

You are a tree.
Your roots penetrate the ground, keeping you stationary.
You cannot be teleported.
You are immune to unholy pain and torment.
Your maximum health is greatly increased.
Your equipment is partially melded.
((You have extremely sharp teeth.))
Your natural rate of healing is unusually fast.
When hurt, damage is shared between your health and your magic reserves.
((Your bite disrupts and absorbs the magic of your enemies.))
Potions cannot restore your health.


   Skills:
 + Level 4.1 Fighting
 + Level 3.5 Short Blades
 - Level 1.5 Armour
 + Level 2.8 Dodging
 + Level 4.2 Stealth
 + Level 3.8 Invocations


You had 6 spell levels left.
You didn't know any spells.
Your spell library contained the following spells:

 Spells                   Type           Power      Damage    Failure   Level
 Poisonous Vapours        Pois/Air       0%         N/A       50%         2
 Static Discharge         Conj/Air       0%         N/A       50%         2
 Ice Form                 Ice/Tmut       0%         N/A       98%         4
 Freezing Cloud           Conj/Ice/Air   0%         6-21      100%        5
 Silence                  Hex/Air        0%         N/A       100%        5
 Simulacrum               Ice/Necr       0%         N/A       100%        6
 Polar Vortex             Ice            0%         N/A       100%        9

Inventory:

Hand Weapons
 a - a +1 short sword
 t - a +2 dagger of venom (weapon)
   (You took it off a goblin on level 3 of the Dungeon)
Missiles
 e - 69 arrows
 h - 109 stones (quivered)
 A - 3 poisoned darts
Armour
 b - a +0 leather armour (melded)
 w - a +0 pair of gloves (melded)
   (You found it on level 3 of the Dungeon)
 z - a +0 helmet (melded)
   (You took it off Robin on level 3 of the Dungeon)
Scrolls
 d - a scroll of enchant armour {unknown}
 g - a scroll of identify {unknown}
 l - a scroll of teleportation {@r4}
 n - a scroll of enchant weapon {unknown}
 o - 2 scrolls of fear {unknown}
 p - a scroll of torment {!r}
 r - a scroll of blinking {unknown}
 u - a scroll of magic mapping {!r}
 y - a scroll of brand weapon {unknown}
 B - a scroll of holy word {unknown}
Potions
 c - a potion of brilliance {unknown}
 f - a potion of degeneration {unknown}
 i - 2 potions of attraction {unknown}
 j - a potion of haste {unknown}
 k - a potion of curing {@q1}
 m - a potion of resistance {unknown}
 q - a potion of heal wounds {unknown}
 s - 2 potions of lignification {!q}
 v - a potion of cancellation {unknown}
 x - a potion of flight {unknown}

Dungeon Overview and Level Annotations

Branches:
Dungeon (4/15)
 Temple: D:4-7

Altars:

Shops:
D:2 :

Annotations:
D:4 Duvessa, Sigmund

### #.# ### #.# #####<####.####
#.............# ##.###.####.##.#
#..###.####.##.##
#...#.......e...#
#)..#..####.#♣..#
####...#..####.#...#
...............#...########### #
.............................. .
####...#..###..#...##.....#######
####...#..###....................
...................##.....###.###
...........###.....##.........#
........................##....#


You could see Duvessa (berserk, very poisoned).


Message History

You see here a +0 whip.
Okay, then.
A - 2 poisoned darts (gained 1)
A - 3 poisoned darts (gained 1)
h - 89 stones (gained 1)
A quokka comes into view.
You hit the quokka.
The quokka is poisoned.
The quokka bites you but does no damage.
You hit the quokka but do no damage.
The quokka looks as sick as possible!
You bite the quokka.
You kill the quokka!
Lugonu accepts your kill.
You see here a quokka corpse.
Found a stone staircase leading down.
h - 111 stones (gained 22)
Found a stone staircase leading up.
You see here a +0 hunting sling.
Found a stone staircase leading down.
Sigmund the Dreaded comes into view.
He is wielding a +0 scythe.
An iguana comes into view.
A hound comes into view.
You throw a stone. The stone hits the hound.
You throw a stone. The stone hits the hound.
You closely miss the hound. You bite the hound. You drain its power.
The hound misses you.
You closely miss the hound. The hound barely misses you.
You barely miss the hound. The hound barely misses you.
You barely miss the hound. Your bite misses the hound. The hound misses you.
You hit the hound. The hound barely misses you. The hound closely misses you.
You barely miss the hound. You bite the hound. You drain its power.
The hound closely misses you.
Duvessa, Sister of Dowan comes into view.
She is wielding a +0 short sword and wearing a +1 leather armour of positive energy.
The iguana hisses angrily.
The hound barely misses you.
Duvessa shouts!
You hit the hound.
The hound is poisoned.
Duvessa goes berserk!
The hound closely misses you.
You hit the hound.
The hound looks even sicker.
The hound barely misses you.
You kill the hound!
Lugonu accepts your kill.
Duvessa rages.
You hit Duvessa.
Duvessa is poisoned.
You bite Duvessa, but do no damage. Duvessa closely misses you.
You barely miss Duvessa.
Duvessa hits you with a +0 short sword! 😕 HP[-8] MP[-2]
You take 8 damage, and now have 29/37 hp.
MASSIVE DAMAGE!! (PAUSE)
You lost 2 mp, and now have 8/10 mp.
Duvessa barely misses you. 😕 HP[+1] 😕 HP[+1] Duvessa rages.
The iguana closely misses you.
Duvessa hits you with a +0 short sword! 😮 HP[-10] MP[-2]
You take 10 damage, and now have 21/37 hp.
MASSIVE DAMAGE!! (PAUSE)
You lost 2 mp, and now have 6/10 mp. 😮 HP[+1] Duvessa hits you but does no damage. 😮 HP[+1] 😮 HP[+1]
Okay, then.
Space bends sharply around you!
Duvessa blinks!
You blink.
The iguana bites you!
* * * LOW HITPOINT WARNING * * *
😨 HP[-10] MP[-2]
You take 10 damage, and now have 14/37 hp.
MASSIVE DAMAGE!! (PAUSE)
You lost 2 mp, and now have 4/10 mp.
Space bends around you!
You blink.
Duvessa hits you with a +0 short sword!
* * * LOW HITPOINT WARNING * * *
😱 HP[-8] MP[-2]
You take 8 damage, and now have 6/37 hp.
MASSIVE DAMAGE!! (PAUSE)
You lost 2 mp, and now have 2/10 mp.
Space bends sharply around you!
You blink. 😱 MP[-1]
You lost 1 mp, and now have 1/10 mp.
Unknown command.
It was a potion of lignification.
You turn into a tree.
Your +0 helmet melds into your body.
Your +0 pair of gloves melds into your body.
Your +0 leather armour melds into your body.
Your roots penetrate the ground. 😱 HP[+4]
You now have 55 max hp (+18).
You regained 4 hp, and now have 10/55 hp.
It was a potion of curing.
That felt strangely inert.
Duvessa hits you but does no damage. Duvessa hits you with a +0 short sword.
* * * LOW HITPOINT WARNING * * *
😱 HP[-5]
You take 5 damage, and now have 5/55 hp.
Okay, then.
You hit Duvessa but do no damage.
Duvessa looks even sicker.
Duvessa hits you with a +0 short sword!
You die...

Skill      XL: |  1  2  3  4  5  6 |
---------------+-------------------+-----
Dodging        | 1 2 |  2.8
Invocations    | 2 3 |  3.8
Short Blades   | 2 3 |  3.5
Stealth        | 1 2 3 4 |  4.2
Fighting       | 3 4 |  4.1
Armour         | |  1.5

Action                   |  1- 3 |  4- 6 |  7- 9 || total
-------------------------+-------+-------+-------++-------
Melee: Short sword       |    95 |    17 |       ||   112
       Bite              |    25 |    49 |     6 ||    80
       Dagger            |       |   123 |    19 ||   142
Throw: Stone             |     4 |    12 |     3 ||    19
       Dart              |       |     9 |       ||     9
Invok: Depart the Abyss  |     1 |       |       ||     1
       Bend Space        |       |       |     3 ||     3
  Use: Scroll            |     5 |       |       ||     5
       Potion            |       |       |     2 ||     2
 Stab: Sleeping          |     2 |     2 |       ||     4
Armor: Leather armour    |    13 |    29 |     3 ||    45
       Skin              |       |       |     1 ||     1
Dodge: Dodged            |    60 |    85 |    14 ||   159

Levels and vault maps discovered:
D:1:      minmay_arrival_radiant_lines, layout_loops_ring,
          hellmonk_ecumenical_altar_inner_sanctum
D:2:      layout_basic, serial_shops, nicolae_shop_window_shopping
D:3:      layout_loops_corners, st_stairs_2, minmay_misc_feat_doors, uniq_robin
D:4:      layout_basic, uniq_grinder, uniq_duvessa, uniq_natasha, uniq_sigmund,
          uniq_eustachio, uniq_edmund

Notes
Turn   | Place    | Note
-------+----------+-------------------------------------------
     0 | Abyss:1  | spiderkeys the Vine Stalker Abyssal Knight began the quest
                  | for the Orb.
     0 | Abyss:1  | Reached XP level 1. HP: 11/11 MP: 3/3
     0 | Abyss:1  | magus.rc [v1.9.10]
    25 | Abyss:1  | Noticed a dire elephant simulacrum
    41 | Abyss:1  | Found a corrupted altar of Lugonu.
    72 | Abyss:1  | You pick up a book of Ice and begin reading...
    72 | Abyss:1  | You add the spells Freezing Cloud, Simulacrum and Polar
                  | Vortex to your library.
    73 | Abyss:1  | Noticed a wretched star
    74 | D:1      | You pass through the gate.
    74 | D:1      | Escaped the Abyss
   212 | D:1      | Reached * piety under Lugonu
   216 | D:1      | Reached skill level 1 in Dodging
   216 | D:1      | Reached XP level 2. HP: 12/16 MP: 4/4
   302 | D:1      | Reached skill level 2 in Invocations
   454 | D:1      | Found a faded altar of an unknown god.
   457 | D:1      | Reached skill level 2 in Short Blades
   457 | D:1      | Reached skill level 1 in Stealth
  1508 | D:2      | HP: 4/16 [worm (5)]
  1513 | D:2      | Reached XP level 3. HP: 5/19 MP: 1/5
  1812 | D:2      | Found Zomeg's Book Shop.
  1842 | D:2      | Reached skill level 3 in Fighting
  2434 | D:1      | HP: 5/20 [gnoll (6)]
  2673 | D:1      | Gained mutation: Your natural rate of healing is unusually
                  | fast. [Vine Stalker growth]
  2673 | D:1      | Reached XP level 4. HP: 14/24 MP: 4/6
  2716 | D:2      | HP: 3/24 [gnoll (10)]
  2847 | D:2      | Reached skill level 2 in Stealth
  3194 | D:3      | Reached XP level 5. HP: 23/28 MP: 4/8
  3459 | D:3      | Noticed Robin
  3671 | D:3      | Reached ** piety under Lugonu
  3738 | D:3      | Killed Robin
  3739 | D:3      | Reached skill level 2 in Dodging
  3796 | D:3      | Reached skill level 3 in Invocations
  4006 | D:4      | Noticed an ogre
  4017 | D:4      | Killed an ogre
  4018 | D:4      | Reached skill level 3 in Stealth
  4018 | D:4      | Reached XP level 6. HP: 27/32 MP: 6/9
  4057 | D:4      | You add the spells Static Discharge, Poisonous Vapours, Ice
                  | Form and Silence to your library.
  4057 | D:4      | Got Utrorina's Papyrus of Transformation and Air
  4061 | D:4      | Noticed Edmund
  4090 | D:4      | Killed Edmund
  4091 | D:4      | Reached skill level 3 in Short Blades
  4148 | D:4      | Noticed Eustachio
  4175 | D:4      | Killed Eustachio
  4176 | D:4      | Reached skill level 4 in Fighting
  4176 | D:4      | Reached skill level 4 in Stealth
  4176 | D:4      | Reached XP level 7. HP: 35/37 MP: 6/10
  4187 | D:4      | Noticed Dowan
  4202 | D:4      | Killed Dowan
  4349 | D:4      | Noticed Sigmund
  4388 | D:4      | Noticed Duvessa
  4408 | D:4      | HP: 6/37 [Duvessa (7)]
  4412 | D:4      | Slain by Duvessa

Vanquished Creatures
  Eustachio (D:4)
  Edmund (D:4)
  An ogre (D:4)
  Dowan (D:4)
  A hound (D:4)
  An orc priest (D:3)
  An orc wizard (D:3)
  Robin (D:3)
  2 adders (D:2)
  3 gnolls
  A white imp (D:3)
  2 worms
  3 dart slugs
  2 orcs (D:3)
  5 ball pythons
  4 bats
  2 endoplasms (D:3)
  7 hobgoblins
  3 quokkas
  3 frilled lizards
  15 goblins
  8 kobolds
  7 rats
75 creatures vanquished.

Table legend:
 A = Non-vault XP
 B = Vault XP
 C = Vault XP percentage of total XP
 D = Non-vault monster count
 E = Vault monster count
 F = Vault count percentage of total count
                 A         B        C        D         E       F
            +---------+---------+-------+---------+---------+-------
      Total |     400 |     483 |  54.7 |      58 |      17 |  22.7
            +---------+---------+-------+---------+---------+-------
        D:1 |      61 |       0 |   0.0 |      21 |       0 |   0.0
        D:2 |      54 |       0 |   0.0 |      11 |       0 |   0.0
        D:3 |     121 |      43 |  26.2 |      21 |      14 |  40.0
        D:4 |     164 |     440 |  72.8 |       5 |       3 |  37.5
            +---------+---------+-------+---------+---------+-------

Illustrated notes

Table legend:
 A = Kills in this place as a percentage of kills in entire the game.
 B = Kills by you in this place as a percentage of kills by you in the entire game.
 C = Kills by friends in this place as a percentage of kills by friends in the entire game.
 D = Other kills in this place as a percentage of other kills in the entire game.
 E = Experience gained in this place as a percentage of experience gained in the entire game.
 F = Experience gained in this place divided by the number of levels of this place that you have seen.
                   A       B       C       D       E      F
               +-------+-------+-------+-------+-------+----------------------
         Total | 100.0 | 100.0 |   N/A |   N/A | 100.0 | 176.6
       Dungeon | 100.0 | 100.0 |   N/A |   N/A | 100.0 | 220.8
               +-------+-------+-------+-------+-------+----------------------

Table legend: (Time is in decaauts)
 A = Elapsed time spent in this place.
 B = Non-inter-level travel time spent in this place.
 C = Inter-level travel time spent in this place.
 D = Time resting spent in this place.
 E = Time spent auto-exploring this place.
 F = Levels seen in this place.
 G = Mean time per level.
                   A        B        C        D        E       F      G
               +--------+--------+--------+--------+--------+-----+--------+
         Total |   4396 |   4247 |    149 |    550 |   2353 |   5 |  879.2 |
       Dungeon |   4322 |   4173 |    149 |    550 |   2328 |   4 | 1080.5 |
         Abyss |     74 |     74 |      0 |      0 |     25 |   1 |   74.0 |
               +--------+--------+--------+--------+--------+-----+--------+

Top non-repeatable levels by time:
     D:1: 1703 daAuts
     D:2: 1165 daAuts
     D:3: 1047 daAuts
     D:4: 406 daAuts
 Abyss:1: 74 daAuts
